Workbook
Name _a1: 'Form 3'!#REF!
Name _a2: 'Form 3'!#REF!
Name _a3: 'Form 3'!#REF!
Name _a4: 'Form 3'!#REF!
Name _a5: 'Form 3'!#REF!
Name _a6: 'Form 3'!#REF!
Name _a7: 'Form 3'!#REF!
Name AAUPcategory: #REF!
Name AAUPcategory: 'Form 1'!#REF!
Name benefits: #REF!
Name benefits: 'Form 1'!#REF!
Name Control: #REF!
Name Control: 'Form 1'!#REF!
Name decline: #REF!
Name decline: 'Form 1'!#REF!
Name tenure: #REF!
Name tenure: 'Form 1'!#REF!
Name tuition_benefit_full_waiver_at_institution: 'Form 3'!#REF!
Name tuition_benefit_full_waiver_at_specified_institutions: 'Form 3'!#REF!
Name tuition_benefit_full_waiver_at_this_institution: 'Form 3'!#REF!
Name tuition_benefit_none: 'Form 3'!#REF!
Name tuition_benefit_other: 'Form 3'!#REF!
Name tuition_benefit_other_text: 'Form 3'!$B$26
Name tuition_benefit_partial_waiver_at_institution: 'Form 3'!#REF!
Name tuition_benefit_partial_waiver_at_specified_institutions: 'Form 3'!#REF!
Name tuition_benefit_partial_waiver_at_this_institution: 'Form 3'!#REF!
Name tuition_benefit_varies_based_on_years_of_service: 'Form 3'!#REF!
Name union: #REF!
Name union: 'Form 1'!#REF!

Sheet Instructions
A1: American Association of University Professors Faculty Compensation Survey 2023-24 Instructions for Using the MS-Excel Upload Template
A2: Instructions for completing the survey and frequently asked questions (FAQ) are available at
A3: https://research.aaup.org/instructions
A4: https://research.aaup.org/faq
A5: Section 1. Starting the Survey
A6: Registration (for new users only). If you are not certain whether you are registered in our system, click "Start" on the survey home page and enter your e-mail address. If you are registered in our system, you will have the option to reset your password, if needed. (Check your spam folder.) If there is an existing data manager or system admin for your institution, they can add you under "Manage Your Institution's Users" in the menu. To register a new account, click "Start" on the survey home page and enter your e-mail address; complete the required information, including designating an institution, and "Save." Your registration request will be submitted to AAUP Research for approval, and you will be notified by email when your registration has been approved. Full registration instructions are available on the FCS Data Submission and Results Portal:
A7: https://research.aaup.org/instructions#registration
A8: Existing Users Login. Log in using your email address and password. If you forget your password, click the "Get a New Password" link and it will be e-mailed to you. Passwords are case-sensitive. Prior to beginning data entry for a survey, please verify your personal contact information in the "Manage Your Account" section.
A9: Section 2. Options for Entering Survey Data
A10: There are two options for entering FCS data: (1) The preferred method is to complete and upload this MS-Excel template to the FCS Data Submission and Results Portal:
A11: https://research.aaup.org
A12: This template provides some preliminary data validation and a record of your data submission for future reference. (2) You may also enter data directly online in the portal. Each survey form is listed in the "Data Collection" pull-down menu, which will appear after you have clicked the "Start" button. NOTE: When you upload the Excel file it will replace any data previously entered for the current year.
... A15: © 2023 American Association of University Professors

Sheet Form 1
A1: American Association of University Professors Faculty Compensation Survey 2023-24 Form 1: Institutional Information (Required)
A2: Instructions for completing Form 1 and frequently asked questions (FAQ) are available at
A3: https://research.aaup.org/instructions#form1
A4: https://research.aaup.org/faq#form1
A5: If your institution's Form 1 information needs to be changed, please contact the AAUP Research Office at aaupfcs@aaup.org.
A6: • Please complete the first five fields for your own future reference. • Please provide a conversion factor if you report salary data for faculty on 11- or 12-month contracts. The default value is 1.0 (no conversion).
A7: IPEDS Unit ID | B7: 236948 | C7: Pre-populated from previous year, if applicable.
A8: Institution Name | B8: University of Washington-Tacoma Campus | D8: Pre-populated from previous year, if applicable.
A9: Respondent Name: | B9: Erin Guthrie | D9: Optional (not uploaded)
A10: Phone Number: | B10: (206) 685-9956 | D10: Optional (not uploaded)
A11: Email Address: | B11: instres@uw.edu | D11: Optional (not uploaded)
A12: Survey Year: | B12: 2023-24
A14: Institutional Control | C14: Pre-populated from previous year, if applicable.
A16: AAUP Category | C16: Pre-populated from previous year, if applicable.
A18: AAUP FCS System | C18: Pre-populated if institution is part of a system for FCS data collection.
A20: Publication Footnote | D20: Pre-populated from previous year, if applicable.
A22: Appendix III Footnote | D22: Pre-populated from previous year, if applicable.
A24: Conversion Factor | B24: 0.81818182 | C24: Pre-populated from previous year, if applicable.
A26: Comments
A27: © 2023 American Association of University Professors

Sheet Form 2
A1: American Association of University Professors Faculty Compensation Survey 2023-24 Form 2: Full-Time Faculty Salaries (Required)
A2: Instructions for completing Form 2 and frequently asked questions (FAQ) are available at
A3: https://research.aaup.org/instructions#form2
A4: https://research.aaup.org/faq#form2
A5: Report the number and salaries of full-time faculty members who were on the payroll as of November 1, 2023.
A6: • Report projected annual base salary expenditures excluding extra loads, summer teaching, stipends, or other forms of remuneration. • For faculty working on a reduced load (e.g., 0.75 FTE), adjust salaries to the equivalent full load (e.g., 1.0 FTE). • Exclude medical faculty and military faculty. • Exclude extreme outliers. • Report ranked faculty, including teaching faculty, at their named academic ranks. • Report visiting faculty at the "instructor" rank.
A7: Academic Rank | B7: MEN | G7: WOMEN
B8: Number of Faculty | C8: Total Contracted Base Salaries ($) | D8: Number Non-Tenure-Track | E8: Number on Tenure Track | F8: Number Tenured | G8: Number of Faculty | H8: Total Contracted Base Salaries ($) | I8: Number Non-Tenure-Track | J8: Number on Tenure Track | K8: Number Tenured
A9: Section 1. Faculty on 9- or 10-Month Contracts (Regardless of Number of Salary Installments)
A10: 1. Professor | B10: 26 | C10: 3942369 | D10: 1 | E10: 0 | F10: 25 | G10: 26 | H10: 2887056 | I10: 10 | J10: 0 | K10: 16
A11: 2. Associate | B11: 48 | C11: 5011461 | D11: 13 | E11: 0 | F11: 35 | G11: 53 | H11: 5376231 | I11: 18 | J11: 0 | K11: 35
A12: 3. Assistant | B12: 41 | C12: 4107762 | D12: 18 | E12: 23 | F12: 0 | G12: 53 | H12: 4536162 | I12: 17 | J12: 36 | K12: 0
A13: 4. Instructor | B13: 2 | C13: 153450 | D13: 2 | E13: 0 | F13: 0 | G13: 5 | H13: 357993 | I13: 5 | J13: 0 | K13: 0
A14: 5. Lecturer | B14: 1 | C14: 103374 | D14: 1 | E14: 0 | F14: 0
A15: 6. No Rank
A16: 7. TOTAL | B16: =SUM(B10:B15) -> 118 | C16: =SUM(C10:C15) -> 13318416 | D16: =SUM(D10:D15) -> 35 | E16: =SUM(E10:E15) -> 23 | F16: =SUM(F10:F15) -> 60 | G16: =SUM(G10:G15) -> 137 | H16: =SUM(H10:H15) -> 13157442 | I16: =SUM(I10:I15) -> 50 | ... K16: =SUM(K10:K15) -> 51
A17: Section 2. Faculty on 11- or 12-Month Contracts (Actual Amounts, Not Converted)
A18: 1. Professor
A19: 2. Associate
A20: 3. Assistant
A21: 4. Instructor
A22: 5. Lecturer
A23: 6. No Rank
A24: 7. TOTAL | B24: =SUM(B18:B23) -> 0 | C24: =SUM(C18:C23) -> 0 | D24: =SUM(D18:D23) -> 0 | E24: =SUM(E18:E23) -> 0 | F24: =SUM(F18:F23) -> 0 | G24: =SUM(G18:G23) -> 0 | H24: =SUM(H18:H23) -> 0 | I24: =SUM(I18:I23) -> 0 | ... K24: =SUM(K18:K23) -> 0
A25: Section 3. Faculty on 9- or 10-Month Contracts Plus 11- or 12-Month Contracts (11- or 12-Month Salaries Are Converted to 9- or 10-Month Equivalents)
A26: 1. Professor | B26: =B10+B18 -> 26 | C26: =C10+(C18*'Form 1'!$B$24) -> 3942369 | D26: =D10+D18 -> 1 | E26: =E10+E18 -> 0 | F26: =F10+F18 -> 25 | G26: =G10+G18 -> 26 | H26: =H10+(H18*'Form 1'!$B$24) -> 2887056 | I26: =I10+I18 -> 10 | J26: =J10+J18 -> 0 | K26: =K10+K18 -> 16
A27: 2. Associate | B27: =B11+B19 -> 48 | C27: =C11+(C19*'Form 1'!$B$24) -> 5011461 | D27: =D11+D19 -> 13 | E27: =E11+E19 -> 0 | F27: =F11+F19 -> 35 | G27: =G11+G19 -> 53 | H27: =H11+(H19*'Form 1'!$B$24) -> 5376231 | I27: =I11+I19 -> 18 | J27: =J11+J19 -> 0 | K27: =K11+K19 -> 35
A28: 3. Assistant | B28: =B12+B20 -> 41 | C28: =C12+(C20*'Form 1'!$B$24) -> 4107762 | D28: =D12+D20 -> 18 | E28: =E12+E20 -> 23 | F28: =F12+F20 -> 0 | G28: =G12+G20 -> 53 | H28: =H12+(H20*'Form 1'!$B$24) -> 4536162 | I28: =I12+I20 -> 17 | J28: =J12+J20 -> 36 | K28: =K12+K20 -> 0
A29: 4. Instructor | B29: =B13+B21 -> 2 | C29: =C13+(C21*'Form 1'!$B$24) -> 153450 | D29: =D13+D21 -> 2 | E29: =E13+E21 -> 0 | F29: =F13+F21 -> 0 | G29: =G13+G21 -> 5 | H29: =H13+(H21*'Form 1'!$B$24) -> 357993 | I29: =I13+I21 -> 5 | J29: =J13+J21 -> 0 | K29: =K13+K21 -> 0
A30: 5. Lecturer | B30: =B14+B22 -> 1 | C30: =C14+(C22*'Form 1'!$B$24) -> 103374 | D30: =D14+D22 -> 1 | E30: =E14+E22 -> 0 | F30: =F14+F22 -> 0 | G30: =G14+G22 -> 0 | H30: =H14+(H22*'Form 1'!$B$24) -> 0 | I30: =I14+I22 -> 0 | J30: =J14+J22 -> 0 | K30: =K14+K22 -> 0
A31: 6. No Rank | B31: =B15+B23 -> 0 | C31: =C15+(C23*'Form 1'!$B$24) -> 0 | D31: =D15+D23 -> 0 | E31: =E15+E23 -> 0 | F31: =F15+F23 -> 0 | G31: =G15+G23 -> 0 | H31: =H15+(H23*'Form 1'!$B$24) -> 0 | I31: =I15+I23 -> 0 | J31: =J15+J23 -> 0 | K31: =K15+K23 -> 0
A32: 7. TOTAL | B32: =SUM(B26:B31) -> 118 | C32: =SUM(C26:C31) -> 13318416 | D32: =SUM(D26:D31) -> 35 | E32: =SUM(E26:E31) -> 23 | F32: =SUM(F26:F31) -> 60 | G32: =SUM(G26:G31) -> 137 | H32: =SUM(H26:H31) -> 13157442 | I32: =SUM(I26:I31) -> 50 | ... K32: =SUM(K26:K31) -> 51
A34: Were any extreme outliers excluded? If yes, please explain in the comment field below.
A36: Comments
A37: © 2023 American Association of University Professors
A38: Lookup 1 | B38: Yes
B39: No

Sheet Form 3
A1: American Association of University Professors Faculty Compensation Survey 2023-24 Form 3: Full-Time Faculty Benefits
A2: Instructions for completing Form 3 and frequently asked questions (FAQ) are available at
A3: https://research.aaup.org/instructions#form3
A4: https://research.aaup.org/faq#form3
A5: Report the projected total annual benefit expenditures and number covered for the full-time faculty reported in Form 2 (all academic ranks combined).
A6: • Exclude employee contributions. • Report the number of eligible faculty members regardless of whether the institution contributes. • Include projected total annual premiums for insurance plans combining medical, dental, and other healthcare. • Exclude payments for unfunded retirement liability, prepaid retiree health insurance, and social security. • Exclude long-term disability, Medicare, life insurance, health savings account contributions, and "other benefits in kind." • Report tuition benefits available to faculty dependents, not faculty.
A7: Benefit | B7: All Ranks Combined
B8: Total Annual Expenditure ($) | C8: Number Covered (Eligible)
A9: Section 1. Faculty on 9- or 10-Month Contracts (Regardless of Number of Salary Installments)
A10: Retirement | B10: 1900786 | C10: 217
A11: Total Health Insurance Premiums | B11: 2562638 | C11: 250
A12: TOTAL | B12: =SUM(B10:B11) -> 4463424 | C12: =MAX(C10:C11) -> 250
A13: Section 2. Faculty on 11- or 12-Month Contracts (Actual Amounts, Not Converted)
A14: Retirement
A15: Total Health Insurance Premiums
A16: TOTAL | B16: =SUM(B14:B15) -> 0 | C16: =MAX(C14:C15) -> 0
A17: Section 3. Faculty on 9- or 10-Month Plus 11- or 12-Month Contracts (11- or 12-Month Retirement Converted to 9- or 10-Month Equivalent)
A18: Retirement | B18: =(B10+(B14*'Form 1'!B24)) -> 1900786 | C18: =C10+C14 -> 217
A19: Total Health Insurance Premiums | B19: =B11+B15 -> 2562638 | C19: =C11+C15 -> 250
A20: TOTAL | B20: =SUM(B18:B19) -> 4463424 | C20: =MAX(C18:C19) -> 250
A21: Section 4. Dependent Tuition Benefits
A22: Tuition waiver at institution
A23: Tuition waiver at specified institutions through a consortium or system
A24: Competitive scholarship programs, such as Tuition Exchange
A25: Tuition benefit varies based on years of service or other factors
A26: Other dependent tuition benefits
A28: Comments
A29: © 2023 American Association of University Professors
A30: Lookup 1 | B30: Full
B31: Partial
B32: None
A33: Lookup 2 | B33: Yes
B34: No
A35: Lookup 3 | B35: Yes
B36: No
B37: Not applicable

Sheet Form 4
A1: American Association of University Professors Faculty Compensation Survey 2023-24 Form 4: Full-Time Continuing Faculty Salaries
A2: Instructions for completing Form 4 and frequently asked questions (FAQ) are available at
A3: https://research.aaup.org/instructions#form4
A4: https://research.aaup.org/faq#form4
A5: Report the number and salaries of faculty members employed full-time in the previous year (as of November 1, 2022) who remain employed full-time at the same contract length in in the current year (as of November 1, 2023).
A6: • Exclude amounts for new hires and departed faculty. • Current and previous salaries for each continuing faculty member should be reported on the same row based on the previous year's (2022-23) academic rank, even if the faculty member was promoted in the current year (2023-24). • Inclusion and exclusion criteria for Form 2 also apply to Form 4.
A7: Previous Year (2022-23) Academic Rank | B7: Number of Continuing Faculty | C7: Total Contracted Base Salaries ($) | E7: Percentage Increase
C8: Current Year (2023-24) | D8: Previous Year (2022-23)
A9: Section 1. Faculty on 9- or 10-Month Contracts (Regardless of Number of Salary Installments)
A10: 1. Professor | B10: 42 | C10: 5739849 | D10: 5500971 | E10: =IF(D10=0,0,((C10-D10)/D10)) -> 0.043424697
A11: 2. Associate | B11: 97 | C11: 10081242 | D11: 9530757 | E11: =IF(D11=0,0,((C11-D11)/D11)) -> 0.057758791
A12: 3. Assistant | B12: 94 | C12: 8864685 | D12: 8436303 | E12: =IF(D12=0,0,((C12-D12)/D12)) -> 0.050778404
A13: 4. Instructor | B13: 7 | C13: 511443 | D13: 492165 | E13: =IF(D13=0,0,((C13-D13)/D13)) -> 0.039169791
A14: 5. Lecturer | B14: 1 | C14: 103374 | D14: 100359 | E14: =IF(D14=0,0,((C14-D14)/D14)) -> 0.030042149
A15: 6. No Rank | E15: =IF(D15=0,0,((C15-D15)/D15)) -> 0
A16: 7. TOTAL | B16: =SUM(B10:B15) -> 241 | C16: =SUM(C10:C15) -> 25300593 | D16: =SUM(D10:D15) -> 24060555 | E16: =IF(D16=0,0,((C16-D16)/D16)) -> 0.051538213
A17: Section 2. Faculty on 11- or 12-Month Contracts (Actual Amounts, Not Converted)
A18: 1. Professor | E18: =IF(D18=0,0,((C18-D18)/D18)) -> 0
A19: 2. Associate | E19: =IF(D19=0,0,((C19-D19)/D19)) -> 0
A20: 3. Assistant | E20: =IF(D20=0,0,((C20-D20)/D20)) -> 0
A21: 4. Instructor | E21: =IF(D21=0,0,((C21-D21)/D21)) -> 0
A22: 5. Lecturer | E22: =IF(D22=0,0,((C22-D22)/D22)) -> 0
A23: 6. No Rank | E23: =IF(D23=0,0,((C23-D23)/D23)) -> 0
A24: 7. TOTAL | B24: =SUM(B18:B23) -> 0 | C24: =SUM(C18:C23) -> 0 | D24: =SUM(D18:D23) -> 0 | E24: =IF(D24=0,0,((C24-D24)/D24)) -> 0
A25: Section 3. Faculty on 9- or 10-Month Contracts Plus 11- or 12-Month Contracts (11- or 12-Month Salaries Converted to 9- or 10-Month Equivalents)
A26: 1. Professor | B26: =B10+B18 -> 42 | C26: =C10+(C18*'Form 1'!B24) -> 5739849 | D26: =D10+(D18*'Form 1'!B24) -> 5500971 | E26: =IF(D26=0,0,((C26-D26)/D26)) -> 0.043424697
A27: 2. Associate | B27: =B11+B19 -> 97 | C27: =C11+(C19*'Form 1'!B24) -> 10081242 | D27: =D11+(D19*'Form 1'!B24) -> 9530757 | E27: =IF(D27=0,0,((C27-D27)/D27)) -> 0.057758791
A28: 3. Assistant | B28: =B12+B20 -> 94 | C28: =C12+(C20*'Form 1'!B24) -> 8864685 | D28: =D12+(D20*'Form 1'!B24) -> 8436303 | E28: =IF(D28=0,0,((C28-D28)/D28)) -> 0.050778404
A29: 4. Instructor | B29: =B13+B21 -> 7 | C29: =C13+(C21*'Form 1'!B24) -> 511443 | D29: =D13+(D21*'Form 1'!B24) -> 492165 | E29: =IF(D29=0,0,((C29-D29)/D29)) -> 0.039169791
A30: 5. Lecturer | B30: =B14+B22 -> 1 | C30: =C14+(C22*'Form 1'!B24) -> 103374 | D30: =D14+(D22*'Form 1'!B24) -> 100359 | E30: =IF(D30=0,0,((C30-D30)/D30)) -> 0.030042149
A31: 6. No Rank | B31: =B15+B23 -> 0 | C31: =C15+(C23*'Form 1'!B24) -> 0 | D31: =D15+(D23*'Form 1'!B24) -> 0 | E31: =IF(D31=0,0,((C31-D31)/D31)) -> 0
A32: 7. TOTAL | B32: =SUM(B26:B31) -> 241 | C32: =C16+(C24*'Form 1'!B24) -> 25300593 | D32: =SUM(D26:D31) -> 24060555 | E32: =IF(D32=0,0,((C32-D32)/D32)) -> 0.051538213
A34: Comments
A35: © 2023 American Association of University Professors

Sheet Form 5
A1: American Association of University Professors Faculty Compensation Survey 2023-24 Form 5: Administrative Compensation
A2: Instructions for completing Form 5 and frequently asked questions (FAQ) are available at
A3: https://research.aaup.org/instructions#form5
A4: https://research.aaup.org/faq#form5
A5: Report annual base salaries and supplements for administrators who were on the payroll as of November 1, 2023.
A6: • For each administrative position, report amounts for one individual only. • "Supplement" is the cash value of any supplemental compensation provided by the institution or a private foundation. • Convert partial-year figures to an annual basis. • Provide a comment if an administrator is employed at multiple institutions or campuses. CONFIDENTIALITY NOTICE: The figures supplied in this section will be used for aggregate calculations only; they will not be published or disclosed for individual institutions.
A7: Position | B7: Contracted Base Salary ($) | C7: Supplement ($)
A8: President/Chancellor | B8: 195156 | C8: 152232
A9: Chief Academic Officer | B9: 195996 | C9: 96600
A10: Chief Financial Officer | B10: 208008
A11: Chief Development Officer | B11: 225000
A12: Chief Administrative Officer
A13: Chief Counsel
A14: Director of Enrollment Management | B14: 128004
A15: Director of Athletics
A17: Comments
A18: © 2023 American Association of University Professors

Sheet Form 6
A1: American Association of University Professors Faculty Compensation Survey 2023-24 Form 6: Part-Time Faculty Pay, Previous Year (2022-23)
A2: Instructions for completing Form 6 and frequently asked questions (FAQ) are available at
A3: https://research.aaup.org/instructions#form6
A4: https://research.aaup.org/faq#form6
A5: Report the number, pay, and benefits of part-time faculty members who were paid per course section in the previous academic year.
A6: • Include only faculty members paid per course section to teach undergraduate course sections. • Exclude salaried faculty, even if they are employed part time. • Report data from the previous academic year. • Include online course sections. • Exclude distance learning classes, noncredit classes, individual instruction, and subsections of courses such as laboratories, recitations, and discussions.
B7: Number of Faculty | C7: Pay per 3-Credit Hour Course Section | F7: Benefits
C8: Minimum Pay per Course Section ($) | D8: Maximum Pay per Course Section ($) | E8: Mean Pay per Course Section ($) | F8: Do Part-Time Per Section Faculty have Retirement Benefits? | G8: Do Part-Time Per Section Faculty have Medical Benefits?
A9: Part-Time Faculty Paid per Course Section
A11: Comments
A12: © 2023 American Association of University Professors
A13: Lookup 1 | B13: Yes, all
B14: Some
B15: No
A37: Semester
A38: Quarter
A39: Trimester
A40: Four-one-four plan
A41: Other academic year
A42: Differs by program
A43: Continuous

Sheet Form 3 Estimator
A1: American Association of University Professors Faculty Compensation Survey 2023-24 Form 3: Estimator for Retirement Benefits Expenditure
A2: Instructions for completing Form 3 and frequently asked questions (FAQ) are available at
A3: https://research.aaup.org/instructions#form3
A4: https://research.aaup.org/faq#form3
A5: If you do not have projected total annual retirement benefit expenditures for Form 3, you may use an institutional contribution rate (%) here to calculate an estimate. Enter that estimate on Form 3 (it will not fill in automatically).
A6: • Report the number of eligible faculty members regardless of whether the institution contributes. • Exclude payments for unfunded retirement liability, prepaid retiree health insurance, and social security.
A7: Institutional Contribution Rate (%) | B7: Number of Faculty (From Form 2) | C7: Estimated Expenditure (Enter on Form 3)
A8: Section 1. Faculty on 9- or 10-Month Contracts (Regardless of Number of Salary Installments)
A9: 0 | B9: ='Form 2'!B16+'Form 2'!G16 -> 255 | C9: =(B9/('Form 2'!B16+'Form 2'!G16))*('Form 2'!C16+'Form 2'!H16)*A9 -> 0
A10: Section 2. Faculty on 11- or 12-Month Contracts (Actual Amounts, Not Converted)
A11: 0 | B11: ='Form 2'!B24+'Form 2'!G24 -> 0 | C11: =(B11/('Form 2'!B24+'Form 2'!G24))*('Form 2'!C24+'Form 2'!H24)*A11 -> #DIV/0!

Sheet Validity Checks
A1: American Association of University Professors Faculty Compensation Survey 2023-24 Data Validity Checks (See Instructions)
A2: Academic Rank | B2: Form 2 Salary and Tenure Status | G2: Form 3 | H2: Form 4 Continuing Faculty
B3: Total Faculty | C3: Tenure Status | D3: Average Men | E3: Average Women | F3: Outlays | G3: Benefits No. | H3: Avg. Sal. Curr. Yr. | I3: Avg. Sal. Prev. Yr. | J3: Percent Increase
A4: Section 1. Faculty on 9- or 10-Month Contracts (Regardless of Number of Salary Installments)
A5: 1. Professor | B5: ='Form 2'!B10+'Form 2'!G10 -> 52 | C5: =IF((SUM('Form 2'!D10:F10)+SUM('Form 2'!I10:K10))-B5=0,"OK","ERROR") -> OK | D5: =IF('Form 2'!B10=0,"",'Form 2'!C10/'Form 2'!B10) -> 151629.58 | E5: =IF('Form 2'!G10=0,"",'Form 2'!H10/'Form 2'!G10) -> 111040.62 | F5: ='Form 2'!C10+'Form 2'!H10 -> 6829425 | H5: ='Form 4'!C10/'Form 4'!B10 -> 136663.07 | I5: ='Form 4'!D10/'Form 4'!B10 -> 130975.5 | J5: =IF('Form 4'!E10<0,"CHECK",IF('Form 4'!E10<0.16,"OK","CHECK")) -> OK
A6: 2. Associate | B6: ='Form 2'!B11+'Form 2'!G11 -> 101 | C6: =IF((SUM('Form 2'!D11:F11)+SUM('Form 2'!I11:K11))-B6=0,"OK","ERROR") -> OK | D6: =IF('Form 2'!B11=0,"",'Form 2'!C11/'Form 2'!B11) -> 104405.44 | E6: =IF('Form 2'!G11=0,"",'Form 2'!H11/'Form 2'!G11) -> 101438.32 | F6: ='Form 2'!C11+'Form 2'!H11 -> 10387692 | H6: ='Form 4'!C11/'Form 4'!B11 -> 103930.33 | I6: ='Form 4'!D11/'Form 4'!B11 -> 98255.227 | J6: =IF('Form 4'!E11<0,"CHECK",IF('Form 4'!E11<0.16,"OK","CHECK")) -> OK
A7: 3. Assistant | B7: ='Form 2'!B12+'Form 2'!G12 -> 94 | C7: =IF((SUM('Form 2'!D12:F12)+SUM('Form 2'!I12:K12))-B7=0,"OK","ERROR") -> OK | D7: =IF('Form 2'!B12=0,"",'Form 2'!C12/'Form 2'!B12) -> 100189.32 | E7: =IF('Form 2'!G12=0,"",'Form 2'!H12/'Form 2'!G12) -> 85587.962 | F7: ='Form 2'!C12+'Form 2'!H12 -> 8643924 | H7: ='Form 4'!C12/'Form 4'!B12 -> 94305.16 | I7: ='Form 4'!D12/'Form 4'!B12 -> 89747.904 | J7: =IF('Form 4'!E12<0,"CHECK",IF('Form 4'!E12<0.16,"OK","CHECK")) -> OK
A8: 4. Instructor | B8: ='Form 2'!B13+'Form 2'!G13 -> 7 | C8: =IF((SUM('Form 2'!D13:F13)+SUM('Form 2'!I13:K13))-B8=0,"OK","ERROR") -> OK | D8: =IF('Form 2'!B13=0,"",'Form 2'!C13/'Form 2'!B13) -> 76725 | E8: =IF('Form 2'!G13=0,"",'Form 2'!H13/'Form 2'!G13) -> 71598.6 | F8: ='Form 2'!C13+'Form 2'!H13 -> 511443 | H8: ='Form 4'!C13/'Form 4'!B13 -> 73063.286 | I8: ='Form 4'!D13/'Form 4'!B13 -> 70309.286 | J8: =IF('Form 4'!E13<0,"CHECK",IF('Form 4'!E13<0.16,"OK","CHECK")) -> OK
A9: 5. Lecturer | B9: ='Form 2'!B14+'Form 2'!G14 -> 1 | C9: =IF((SUM('Form 2'!D14:F14)+SUM('Form 2'!I14:K14))-B9=0,"OK","ERROR") -> OK | D9: =IF('Form 2'!B14=0,"",'Form 2'!C14/'Form 2'!B14) -> 103374 | E9: =IF('Form 2'!G14=0,"",'Form 2'!H14/'Form 2'!G14) | F9: ='Form 2'!C14+'Form 2'!H14 -> 103374 | H9: ='Form 4'!C14/'Form 4'!B14 -> 103374 | I9: ='Form 4'!D14/'Form 4'!B14 -> 100359 | J9: =IF('Form 4'!E14<0,"CHECK",IF('Form 4'!E14<0.16,"OK","CHECK")) -> OK
A10: 6. No Rank | B10: ='Form 2'!B15+'Form 2'!G15 -> 0 | C10: =IF((SUM('Form 2'!D15:F15)+SUM('Form 2'!I15:K15))-B10=0,"OK","ERROR") -> OK | D10: =IF('Form 2'!B15=0,"",'Form 2'!C15/'Form 2'!B15) | E10: =IF('Form 2'!G15=0,"",'Form 2'!H15/'Form 2'!G15) | F10: ='Form 2'!C15+'Form 2'!H15 -> 0 | H10: ='Form 4'!C15/'Form 4'!B15 -> #DIV/0! | I10: ='Form 4'!D15/'Form 4'!B15 -> #DIV/0! | J10: =IF('Form 4'!E15<0,"CHECK",IF('Form 4'!E15<0.16,"OK","CHECK")) -> OK
A11: 7. TOTAL | B11: ='Form 2'!B16+'Form 2'!G16 -> 255 | C11: =IF((SUM('Form 2'!D16:F16)+SUM('Form 2'!I16:K16))-B11=0,"OK","ERROR") -> OK | D11: =IF('Form 2'!B16=0,"",'Form 2'!C16/'Form 2'!B16) -> 112867.93 | E11: =IF('Form 2'!G16=0,"",'Form 2'!H16/'Form 2'!G16) -> 96039.723 | F11: ='Form 2'!C16+'Form 2'!H16 -> 26475858 | G11: =IF('Form 3'!C12>B11,"CHECK",IF(AND('Form 3'!B12>0,'Form 3'!C12=0),"CHECK","OK")) -> OK | H11: ='Form 4'!C16/'Form 4'!B16 -> 104981.71 | I11: ='Form 4'!D16/'Form 4'!B16 -> 99836.328 | J11: =IF('Form 4'!E16<0,"CHECK",IF('Form 4'!E16<0.16,"OK","CHECK")) -> OK
A12: Section 2. Faculty on 11- or 12-Month Contracts (Actual Amounts, Not Converted)
A13: 1. Professor | B13: ='Form 2'!B18+'Form 2'!G18 -> 0 | C13: =IF((SUM('Form 2'!D18:F18)+SUM('Form 2'!I18:K18))-B13=0,"OK","ERROR") -> OK | D13: =IF('Form 2'!B18=0,"",'Form 2'!C18/'Form 2'!B18) | E13: =IF('Form 2'!G18=0,"",'Form 2'!H18/'Form 2'!G18) | F13: ='Form 2'!C18+'Form 2'!H18 -> 0 | H13: ='Form 4'!C18/'Form 4'!B18 -> #DIV/0! | I13: ='Form 4'!D18/'Form 4'!B18 -> #DIV/0! | J13: =IF('Form 4'!E18<0,"CHECK",IF('Form 4'!E18<0.16,"OK","CHECK")) -> OK
A14: 2. Associate | B14: ='Form 2'!B19+'Form 2'!G19 -> 0 | C14: =IF((SUM('Form 2'!D19:F19)+SUM('Form 2'!I19:K19))-B14=0,"OK","ERROR") -> OK | D14: =IF('Form 2'!B19=0,"",'Form 2'!C19/'Form 2'!B19) | E14: =IF('Form 2'!G19=0,"",'Form 2'!H19/'Form 2'!G19) | F14: ='Form 2'!C19+'Form 2'!H19 -> 0 | H14: ='Form 4'!C19/'Form 4'!B19 -> #DIV/0! | I14: ='Form 4'!D19/'Form 4'!B19 -> #DIV/0! | J14: =IF('Form 4'!E19<0,"CHECK",IF('Form 4'!E19<0.16,"OK","CHECK")) -> OK
A15: 3. Assistant | B15: ='Form 2'!B20+'Form 2'!G20 -> 0 | C15: =IF((SUM('Form 2'!D20:F20)+SUM('Form 2'!I20:K20))-B15=0,"OK","ERROR") -> OK | D15: =IF('Form 2'!B20=0,"",'Form 2'!C20/'Form 2'!B20) | E15: =IF('Form 2'!G20=0,"",'Form 2'!H20/'Form 2'!G20) | F15: ='Form 2'!C20+'Form 2'!H20 -> 0 | H15: ='Form 4'!C20/'Form 4'!B20 -> #DIV/0! | I15: ='Form 4'!D20/'Form 4'!B20 -> #DIV/0! | J15: =IF('Form 4'!E20<0,"CHECK",IF('Form 4'!E20<0.16,"OK","CHECK")) -> OK
A16: 4. Instructor | B16: ='Form 2'!B21+'Form 2'!G21 -> 0 | C16: =IF((SUM('Form 2'!D21:F21)+SUM('Form 2'!I21:K21))-B16=0,"OK","ERROR") -> OK | D16: =IF('Form 2'!B21=0,"",'Form 2'!C21/'Form 2'!B21) | E16: =IF('Form 2'!G21=0,"",'Form 2'!H21/'Form 2'!G21) | F16: ='Form 2'!C21+'Form 2'!H21 -> 0 | H16: ='Form 4'!C21/'Form 4'!B21 -> #DIV/0! | I16: ='Form 4'!D21/'Form 4'!B21 -> #DIV/0! | J16: =IF('Form 4'!E21<0,"CHECK",IF('Form 4'!E21<0.16,"OK","CHECK")) -> OK
A17: 5. Lecturer | B17: ='Form 2'!B22+'Form 2'!G22 -> 0 | C17: =IF((SUM('Form 2'!D22:F22)+SUM('Form 2'!I22:K22))-B17=0,"OK","ERROR") -> OK | D17: =IF('Form 2'!B22=0,"",'Form 2'!C22/'Form 2'!B22) | E17: =IF('Form 2'!G22=0,"",'Form 2'!H22/'Form 2'!G22) | F17: ='Form 2'!C22+'Form 2'!H22 -> 0 | H17: ='Form 4'!C22/'Form 4'!B22 -> #DIV/0! | I17: ='Form 4'!D22/'Form 4'!B22 -> #DIV/0! | J17: =IF('Form 4'!E22<0,"CHECK",IF('Form 4'!E22<0.16,"OK","CHECK")) -> OK
A18: 6. No Rank | B18: ='Form 2'!B23+'Form 2'!G23 -> 0 | C18: =IF((SUM('Form 2'!D23:F23)+SUM('Form 2'!I23:K23))-B18=0,"OK","ERROR") -> OK | D18: =IF('Form 2'!B23=0,"",'Form 2'!C23/'Form 2'!B23) | E18: =IF('Form 2'!G23=0,"",'Form 2'!H23/'Form 2'!G23) | F18: ='Form 2'!C23+'Form 2'!H23 -> 0 | H18: ='Form 4'!C23/'Form 4'!B23 -> #DIV/0! | I18: ='Form 4'!D23/'Form 4'!B23 -> #DIV/0! | J18: =IF('Form 4'!E23<0,"CHECK",IF('Form 4'!E23<0.16,"OK","CHECK")) -> OK
A19: 7. TOTAL | B19: ='Form 2'!B24+'Form 2'!G24 -> 0 | C19: =IF((SUM('Form 2'!D24:F24)+SUM('Form 2'!I24:K24))-B19=0,"OK","ERROR") -> OK | D19: =IF('Form 2'!B24=0,"",'Form 2'!C24/'Form 2'!B24) | E19: =IF('Form 2'!G24=0,"",'Form 2'!H24/'Form 2'!G24) | F19: ='Form 2'!C24+'Form 2'!H24 -> 0 | G19: =IF('Form 3'!C16>B19,"CHECK",IF(AND('Form 3'!B16>0,'Form 3'!C16=0),"CHECK","OK")) -> OK | H19: ='Form 4'!C24/'Form 4'!B24 -> #DIV/0! | I19: ='Form 4'!D24/'Form 4'!B24 -> #DIV/0! | J19: =IF('Form 4'!E24<0,"CHECK",IF('Form 4'!E24<0.16,"OK","CHECK")) -> OK
A20: Section 3. Faculty on 9- or 10-Month Contracts Plus 11- or 12-Month Contracts (11- or 12-Month Salaries Are Converted to 9- or 10-Month Equivalents)
A21: 1. Professor | B21: ='Form 2'!B26+'Form 2'!G26 -> 52 | C21: =IF((SUM('Form 2'!D26:F26)+SUM('Form 2'!I26:K26))-B21=0,"OK","ERROR") -> OK | D21: =IF('Form 2'!B26=0,"",'Form 2'!C26/'Form 2'!B26) -> 151629.58 | E21: =IF('Form 2'!G26=0,"",'Form 2'!H26/'Form 2'!G26) -> 111040.62 | F21: ='Form 2'!C26+'Form 2'!H26 -> 6829425 | H21: ='Form 4'!C26/'Form 4'!B26 -> 136663.07 | I21: ='Form 4'!D26/'Form 4'!B26 -> 130975.5 | J21: =IF('Form 4'!E26<0,"CHECK",IF('Form 4'!E26<0.16,"OK","CHECK")) -> OK
A22: 2. Associate | B22: ='Form 2'!B27+'Form 2'!G27 -> 101 | C22: =IF((SUM('Form 2'!D27:F27)+SUM('Form 2'!I27:K27))-B22=0,"OK","ERROR") -> OK | D22: =IF('Form 2'!B27=0,"",'Form 2'!C27/'Form 2'!B27) -> 104405.44 | E22: =IF('Form 2'!G27=0,"",'Form 2'!H27/'Form 2'!G27) -> 101438.32 | F22: ='Form 2'!C27+'Form 2'!H27 -> 10387692 | H22: ='Form 4'!C27/'Form 4'!B27 -> 103930.33 | I22: ='Form 4'!D27/'Form 4'!B27 -> 98255.227 | J22: =IF('Form 4'!E27<0,"CHECK",IF('Form 4'!E27<0.16,"OK","CHECK")) -> OK
A23: 3. Assistant | B23: ='Form 2'!B28+'Form 2'!G28 -> 94 | C23: =IF((SUM('Form 2'!D28:F28)+SUM('Form 2'!I28:K28))-B23=0,"OK","ERROR") -> OK | D23: =IF('Form 2'!B28=0,"",'Form 2'!C28/'Form 2'!B28) -> 100189.32 | E23: =IF('Form 2'!G28=0,"",'Form 2'!H28/'Form 2'!G28) -> 85587.962 | F23: ='Form 2'!C28+'Form 2'!H28 -> 8643924 | H23: ='Form 4'!C28/'Form 4'!B28 -> 94305.16 | I23: ='Form 4'!D28/'Form 4'!B28 -> 89747.904 | J23: =IF('Form 4'!E28<0,"CHECK",IF('Form 4'!E28<0.16,"OK","CHECK")) -> OK
A24: 4. Instructor | B24: ='Form 2'!B29+'Form 2'!G29 -> 7 | C24: =IF((SUM('Form 2'!D29:F29)+SUM('Form 2'!I29:K29))-B24=0,"OK","ERROR") -> OK | D24: =IF('Form 2'!B29=0,"",'Form 2'!C29/'Form 2'!B29) -> 76725 | E24: =IF('Form 2'!G29=0,"",'Form 2'!H29/'Form 2'!G29) -> 71598.6 | F24: ='Form 2'!C29+'Form 2'!H29 -> 511443 | H24: ='Form 4'!C29/'Form 4'!B29 -> 73063.286 | I24: ='Form 4'!D29/'Form 4'!B29 -> 70309.286 | J24: =IF('Form 4'!E29<0,"CHECK",IF('Form 4'!E29<0.16,"OK","CHECK")) -> OK
A25: 5. Lecturer | B25: ='Form 2'!B30+'Form 2'!G30 -> 1 | C25: =IF((SUM('Form 2'!D30:F30)+SUM('Form 2'!I30:K30))-B25=0,"OK","ERROR") -> OK | D25: =IF('Form 2'!B30=0,"",'Form 2'!C30/'Form 2'!B30) -> 103374 | E25: =IF('Form 2'!G30=0,"",'Form 2'!H30/'Form 2'!G30) | F25: ='Form 2'!C30+'Form 2'!H30 -> 103374 | H25: ='Form 4'!C30/'Form 4'!B30 -> 103374 | I25: ='Form 4'!D30/'Form 4'!B30 -> 100359 | J25: =IF('Form 4'!E30<0,"CHECK",IF('Form 4'!E30<0.16,"OK","CHECK")) -> OK
A26: 6. No Rank | B26: ='Form 2'!B31+'Form 2'!G31 -> 0 | C26: =IF((SUM('Form 2'!D31:F31)+SUM('Form 2'!I31:K31))-B26=0,"OK","ERROR") -> OK | D26: =IF('Form 2'!B31=0,"",'Form 2'!C31/'Form 2'!B31) | E26: =IF('Form 2'!G31=0,"",'Form 2'!H31/'Form 2'!G31) | F26: ='Form 2'!C31+'Form 2'!H31 -> 0 | H26: ='Form 4'!C31/'Form 4'!B31 -> #DIV/0! | I26: ='Form 4'!D31/'Form 4'!B31 -> #DIV/0! | J26: =IF('Form 4'!E31<0,"CHECK",IF('Form 4'!E31<0.16,"OK","CHECK")) -> OK
A27: 7. TOTAL | B27: ='Form 2'!B32+'Form 2'!G32 -> 255 | C27: =IF((SUM('Form 2'!D32:F32)+SUM('Form 2'!I32:K32))-B27=0,"OK","ERROR") -> OK | D27: =IF('Form 2'!B32=0,"",'Form 2'!C32/'Form 2'!B32) -> 112867.93 | E27: =IF('Form 2'!G32=0,"",'Form 2'!H32/'Form 2'!G32) -> 96039.723 | F27: ='Form 2'!C32+'Form 2'!H32 -> 26475858 | G27: =IF('Form 3'!C20>B27,"CHECK",IF(AND('Form 3'!B20>0,'Form 3'!C20=0),"CHECK","OK")) -> OK | H27: ='Form 4'!C32/'Form 4'!B32 -> 104981.71 | I27: ='Form 4'!D32/'Form 4'!B32 -> 99836.328 | J27: =IF('Form 4'!E32<0,"CHECK",IF('Form 4'!E32<0.16,"OK","CHECK")) -> OK

Sheet Macros
C9: In order to use this data file, please enable macros. In the “Security Warning” line above, click the Options button, choose “Enable this content” and then click OK.
